 Dungeon Crawl Stone Soup version 0.23-a0-607-g760965b (console) character file.

156 Duffy the Chopper (level 5, 0/45 HPs)
             Began as a Naga Gladiator on Dec 20, 2018.
             Succumbed to a worker ant's poison
             ... on level 4 of the Dungeon.
             The game lasted 00:02:58 (2623 turns).

Duffy the Chopper (Naga Gladiator)                  Turns: 2623, Time: 00:02:59

Health: 0/45       AC:  7    Str: 18    XL:     5   Next: 37%
Magic:  5/5        EV:  8    Int:  8    God:
Gold:   136        SH:  0    Dex: 12    Spells: 4/4 levels left

rFire    . . .     SeeInvis +   a - +0 war axe
rCold    . . .     Gourm    .   (no shield)
rNeg     . . .     Faith    .   s - +0 scale mail
rPois    +         Spirit   .   c - +0 helmet
rElec    .         Reflect  .   g - +1 cloak
rCorr    .         Harm     .   (no gloves)
MR       +....                  (no barding)
Stlth    ..........             (no amulet)
HPRegen  0.15/turn              n - ring of protection from magic
MPRegen  0.09/turn              (no ring)

@: lethally poisoned (0 -> -2), very slow
A: large, see invisible, deformed body, poison resistance, slowness 2, slow
metabolism 1, spit poison 1, AC +1
a: Spit Poison


You were on level 4 of the Dungeon.
You were not hungry.

You visited 1 branch of the dungeon, and saw 4 of its levels.

You collected 136 gold pieces.

Inventory:

Hand Weapons
 a - a +0 war axe (weapon)
Missiles
 d - 3 throwing nets (quivered)
Armour
 c - a +0 helmet (worn)
 g - a +1 cloak (worn)
 s - a +0 scale mail (worn)
Jewellery
 n - a ring of protection from magic (left hand)
Scrolls
 e - 4 scrolls of identify {unknown}
 k - a scroll of noise {unknown}
 m - a scroll of fog {unknown}
 o - a scroll of enchant weapon {unknown}
Potions
 b - a potion of brilliance {unknown}
 h - a potion of degeneration {unknown}
 i - a potion of berserk rage {unknown}
 j - a potion of agility {unknown}
 l - 3 potions of curing {unknown}
 p - a potion of haste {unknown}
 r - a potion of ambrosia {unknown}
Comestibles
 f - 9 rations
 q - a chunk of flesh


   Skills:
 - Level 2.0 Fighting
 + Level 5.9 Axes
 - Level 1.7 Throwing
 - Level 2.4 Dodging


You had 4 spell levels left.
You didn't know any spells.
Your spell library was empty.

Dungeon Overview and Level Annotations

Branches:
Dungeon (4/15)
 Temple: D:4-7

Altars:

Annotations:
D:4 Eustachio


Innate Abilities, Weirdness & Mutations

You cannot wear boots.
Your serpentine skin is tough. (AC +1)
You have supernaturally acute eyesight. (SInv)
Armour fits poorly on your strangely shaped body.
Your system is resistant to poisons. (rPois)
You cover ground very slowly.
You have a slow metabolism.
You can spit poison.


Message History

Eustachio casts a spell.
Eustachio blinks!
The worker ant barely misses you. The worker ant bites you.
The worker ant bites you. The worker ant bites you.
You are poisoned.
The worker ant poisons you!
You feel sick.
You feel sick.
The worker ant bites you but does no damage.
The worker ant bites you but does no damage.
You feel sick.
The worker ant bites you but does no damage.
You feel sick.
The worker ant bites you but does no damage.
Found 9 gold pieces.
The worker ant bites you but does no damage.
The river rat bites you!
An orc comes into view. It is wielding a +0 morningstar.
You die...

#.#.##. .o##..
...............
.............. ..
.....<..........$ #.#
#.#...........#.#
###(.##..........#..#.#####
..........?...............
#..............@.........
.......................
#...#.......#ra###...
#.@.......#.#5.##
######.#.#.#...#...b.#
....r5b#5#.#..@@..5.########
.#..5#a#0#.#..##.#..........
....@5.#.#.#..##..5........#
.#...#.#.#....#####.######+#


You could see Eustachio, a worker ant, an iron imp, a quasit, a crimson imp, a
river rat, an orc (sleeping) and a bat.

Vanquished Creatures
  A crimson imp (D:3)
  Terence (D:2)
  2 adders
  A gnoll (D:4)
  3 dart slugs
  2 orcs (D:4)
  2 giant cockroaches
  3 goblins
  8 hobgoblins
  11 jackals
  3 kobolds
  A quokka (D:2)
  A ball python (D:2)
  6 bats
  A frilled lizard (D:1)
  5 rats
51 creatures vanquished.

Vanquished Creatures (others)
  An adder (D:2)
1 creature vanquished.

Grand Total: 52 creatures vanquished

Notes
Turn   | Place    | Note
-------+----------+-------------------------------------------
     0 | D:1      | Duffy the Naga Gladiator began the quest for the Orb.
     0 | D:1      | Reached XP level 1. HP: 19/19 MP: 1/1
    53 | D:1      | Reached XP level 2. HP: 13/26 MP: 2/2
   594 | D:1      | Reached skill level 4 in Axes
   682 | D:1      | Reached XP level 3. HP: 30/32 MP: 3/3
  1692 | D:2      | Noticed Terence
  1702 | D:2      | Killed Terence
  1702 | D:2      | Reached skill level 5 in Axes
  1702 | D:2      | Reached XP level 4. HP: 25/39 MP: 4/4
  2379 | D:3      | Reached XP level 5. HP: 40/45 MP: 5/5
  2586 | D:4      | Noticed Eustachio
  2622 | D:4      | HP: 1/45 [river rat[Eustachio] (7)]
  2623 | D:4      | Succumbed to a worker ant's poison

Vault maps used:
D:1:      dpeg_arrival_rooms_b
D:2:      uniq_terence
D:3:      lemuel_blue_sif_altar
D:4:      lemuel_castle_with_subvaults, lemuel_coloured_pillars_altar,
          minmay_increasing_density, uniq_eustachio

Skill      XL: |  1  2  3 |
---------------+----------+-----
Axes           | 4 5 |  5.9
Fighting       | |  2.0
Throwing       | |  1.7
Dodging        | |  2.4

Action                   |  1- 3 |  4- 6 || total
-------------------------+-------+-------++-------
Melee: War axe           |    98 |    59 ||   157
 Abil: Spit Poison       |       |     1 ||     1
  Eat: Chunk             |     2 |     2 ||     4
Armor: Leather armour    |    47 |       ||    47
       Scale mail        |       |    62 ||    62
Dodge: Dodged            |    72 |    50 ||   122

Table legend:
 A = Non-vault XP
 B = Vault XP
 C = Vault XP percentage of total XP
 D = Non-vault monster count
 E = Vault monster count
 F = Vault count percentage of total count
                 A         B        C        D         E       F
            +---------+---------+-------+---------+---------+-------
      Total |     183 |      40 |  17.9 |      49 |       3 |   5.8
            +---------+---------+-------+---------+---------+-------
        D:1 |      38 |       0 |   0.0 |      21 |       0 |   0.0
        D:2 |      42 |      36 |  46.2 |      17 |       1 |   5.6
        D:3 |      70 |       0 |   0.0 |       7 |       0 |   0.0
        D:4 |      33 |       4 |  10.8 |       4 |       2 |  33.3
            +---------+---------+-------+---------+---------+-------
